TOP OF THE 1ST |
Northwest Arkansas Naturals batting - Pitching for Trenton Thunder : LHP Nick Turner
|
Pitching: LHP Nick Turner
|
|
Batting: SHB Ryoji Hiraoka
|
0-0: Called Strike 0-1: Swinging Strike 0-2: Ball 1-2: Foul Ball, location: 2F 1-2: Ball 2-2: Ball 3-2: Base on Balls
|
Batting: RHB Kazuki Arai
|
0-0: Called Strike Ryoji Hiraoka is caught stealing 2nd base 2-4 0-1: Ground out 1-4-3 (Groundball, 15S, EV 105.0 MPH)
|
Batting: RHB Alex Cid
|
0-0: Swinging Strike 0-1: Ball 1-1: Ball 2-1: Foul Ball, location: 2F 2-2: Ball 3-2: Foul Ball, location: 2F 3-2: Strikes out swinging
|
Top of the 1st over - 0 runs, 0 hits, 0 errors, 0 left on base; Northwest Arkansas 0 - Trenton 0 |
BOTTOM OF THE 1ST |
Trenton Thunder batting - Pitching for Northwest Arkansas Naturals : RHP Kevin Tumbleson
|
Pitching: RHP Kevin Tumbleson
|
|
Batting: RHB Bryan Westray
|
0-0: Called Strike 0-1: Swinging Strike 0-2: Ball 1-2: Ball 2-2: Ball 3-2: Strikes out swinging
|
Batting: RHB Tim Osborn
|
0-0: Ball 1-0: SINGLE (Flyball, 6MD, EV 90.0 MPH)
|
Batting: SHB Jay Gagnon
|
0-0: Called Strike 0-1: Fly out, F7 (Line Drive, 7, EV 95.6 MPH)
|
Batting: RHB Sam Hubbert
|
0-0: Called Strike 0-1: Foul Ball, location: 2F 0-2: Ball 1-2: Ball 2-2: Ball 3-2: Foul Ball, location: 2F 3-2: Foul Ball, location: 2F 3-2: Foul Ball, location: 2F 3-2: Strikes out swinging
|
Bottom of the 1st over - 0 runs, 1 hit, 0 errors, 1 left on base; Northwest Arkansas 0 - Trenton 0 |
TOP OF THE 2ND |
Northwest Arkansas Naturals batting - Pitching for Trenton Thunder : LHP Nick Turner
|
Batting: RHB Kevin Wimberly
|
0-0: Ball 1-0: Foul Ball, location: 2F 1-1: Called Strike 1-2: Ball 2-2: Foul Ball, location: 2F 2-2: Ball 3-2: Fly out, F8 (Line Drive, 8LXD, EV 103.1 MPH)
|
Batting: RHB Andy Urquhart
|
0-0: Ground out 6-3 (Groundball, 6, EV 82.5 MPH)
|
Batting: RHB William Lung
|
0-0: Called Strike 0-1: Fly out, F8 (Flyball, 89S, EV 90.6 MPH)
|
Top of the 2nd over - 0 runs, 0 hits, 0 errors, 0 left on base; Northwest Arkansas 0 - Trenton 0 |
BOTTOM OF THE 2ND |
Trenton Thunder batting - Pitching for Northwest Arkansas Naturals : RHP Kevin Tumbleson
|
Batting: SHB David Stewart
|
0-0: Ball 1-0: Called Strike 1-1: Ball 2-1: Ground out U3 (Groundball, 3L, EV 100.6 MPH)
|
Batting: SHB Houston Phillips
|
0-0: Called Strike 0-1: Ball 1-1: Called Strike 1-2: Foul Ball, location: 2F 1-2: Strikes out swinging
|
Batting: RHB Christian Shearer
|
0-0: Ground out 5-3 (Groundball, 56, EV 86.9 MPH)
|
Bottom of the 2nd over - 0 runs, 0 hits, 0 errors, 0 left on base; Northwest Arkansas 0 - Trenton 0 |
TOP OF THE 3RD |
Northwest Arkansas Naturals batting - Pitching for Trenton Thunder : LHP Nick Turner
|
Batting: RHB Edwin Ramos
|
0-0: Ball 1-0: Ball 2-0: Foul Ball, location: 2F 2-1: Called Strike 2-2: SINGLE (Line Drive, 9S, EV 98.1 MPH)
|
Batting: RHB Eric Erickson
|
0-0: Ball 1-0: Ball 2-0: Ball 3-0: Called Strike 3-1: Fly out, F6 (Line Drive, 6, EV 66.9 MPH)
|
Batting: SHB Danny Ballenger
|
0-0: Ball 1-0: Swinging Strike 1-1: Foul Ball, location: 2F 1-2: Strikes out looking
|
Batting: SHB Ryoji Hiraoka
|
0-0: Called Strike 0-1: Foul Ball, location: 2F 0-2: Ball 1-2: Fielders Choice at 2nd, 5-4 (Groundball, 56, EV 88.8 MPH)
|
Top of the 3rd over - 0 runs, 1 hit, 0 errors, 1 left on base; Northwest Arkansas 0 - Trenton 0 |
BOTTOM OF THE 3RD |
Trenton Thunder batting - Pitching for Northwest Arkansas Naturals : RHP Kevin Tumbleson
|
Batting: RHB Phil Reeves
|
0-0: Called Strike 0-1: Ball 1-1: Ball 2-1: Ball 3-1: Swinging Strike 3-2: Base on Balls
|
Pitching: RHP Philip Terrell
|
|
Batting: RHB Nazeeh Zubair
|
0-0: Swinging Strike 0-1: Ball 1-1: Called Strike Phil Reeves is caught stealing 2nd base 2-4 1-2: Ball 2-2: Strikes out swinging
|
Batting: RHB Bryan Westray
|
0-0: Ball 1-0: Foul Ball, location: 2F 1-1: Ball 2-1: Foul Ball, location: 2F 2-2: Ground out U3 (Groundball, 3S, EV 70.6 MPH)
|
Bottom of the 3rd over - 0 runs, 0 hits, 0 errors, 0 left on base; Northwest Arkansas 0 - Trenton 0 |
TOP OF THE 4TH |
Northwest Arkansas Naturals batting - Pitching for Trenton Thunder : LHP Nick Turner
|
Batting: RHB Kazuki Arai
|
0-0: Ball 1-0: Ground out 5-3 (Groundball, 5S, EV 88.1 MPH)
|
Batting: RHB Alex Cid
|
0-0: Ball 1-0: Swinging Strike 1-1: Foul Ball, location: 2F 1-2: Strikes out looking
|
Batting: RHB Kevin Wimberly
|
0-0: Fly out, F9 (Line Drive, 9D, EV 109.4 MPH)
|
Top of the 4th over - 0 runs, 0 hits, 0 errors, 0 left on base; Northwest Arkansas 0 - Trenton 0 |
BOTTOM OF THE 4TH |
Trenton Thunder batting - Pitching for Northwest Arkansas Naturals : RHP Philip Terrell
|
Batting: RHB Tim Osborn
|
0-0: Ball 1-0: Ball 2-0: SINGLE (Line Drive, 89S, EV 93.1 MPH)
|
Batting: SHB Jay Gagnon
|
0-0: Ball 1-0: Foul Ball, location: 2F 1-1: Swinging Strike 1-2: Foul Ball, location: 2F 1-2: DOUBLE (Flyball, 8LXD, EV 96.9 MPH) Tim Osborn to third Runner from 3rd tries for Home, SAFE, throw by CF to home
|
Pitching: RHP Matthew Orphan
|
|
Batting: RHB Sam Hubbert
|
0-0: Ball 1-0: Called Strike 1-1: Ball 2-1: Ground out 3-1 (Groundball, 34, EV 79.4 MPH) Jay Gagnon to third
|
Batting: SHB David Stewart
|
0-0: Called Strike 0-1: Ball 1-1: SINGLE (Groundball, 56S, EV 71.9 MPH) (infield hit) Jay Gagnon scores
|
Batting: SHB Houston Phillips
|
0-0: Ball 1-0: Grounds into double play, 5-4-3 (Groundball, 56, EV 88.1 MPH)
|
Bottom of the 4th over - 2 runs, 3 hits, 0 errors, 0 left on base; Northwest Arkansas 0 - Trenton 2 |
TOP OF THE 5TH |
Northwest Arkansas Naturals batting - Pitching for Trenton Thunder : LHP Nick Turner
|
Batting: RHB Andy Urquhart
|
0-0: Called Strike 0-1: Fly out, F1 (Line Drive, P, EV 75.0 MPH)
|
Batting: RHB William Lung
|
0-0: Called Strike 0-1: Ball 1-1: Ball 2-1: Called Strike 2-2: Fly out, F8 (Flyball, 8RD, EV 90.6 MPH)
|
Batting: RHB Edwin Ramos
|
0-0: Ball 1-0: Ball 2-0: Foul Ball, location: 2F 2-1: Bunt missed! 2-2: Reached on error, E6 (Groundball, 6S, EV 72.5 MPH)
|
Batting: RHB Eric Erickson
|
0-0: Swinging Strike 0-1: Ball 1-1: Ball 2-1: Called Strike 2-2: Ball 3-2: Base on Balls
|
Batting: SHB Danny Ballenger
|
0-0: Foul Ball, location: 2F 0-1: Called Strike 0-2: Ball 1-2: Ground out 3-1 (Groundball, 34, EV 96.9 MPH)
|
Top of the 5th over - 0 runs, 0 hits, 1 error, 2 left on base; Northwest Arkansas 0 - Trenton 2 |
BOTTOM OF THE 5TH |
Trenton Thunder batting - Pitching for Northwest Arkansas Naturals : RHP Matthew Orphan
|
Batting: RHB Christian Shearer
|
0-0: Fly out, F9 (Flyball, 9LM, EV 87.5 MPH)
|
Batting: RHB Phil Reeves
|
0-0: Ball 1-0: Ball 2-0: Called Strike 2-1: Ball 3-1: Swinging Strike 3-2: Strikes out looking
|
Batting: RHB Nazeeh Zubair
|
0-0: Called Strike 0-1: Ball 1-1: Called Strike 1-2: SINGLE (Line Drive, 5L, EV 99.4 MPH)
|
Pitching: RHP Kevin Fleming
|
|
Batting: RHB Bryan Westray
|
0-0: Foul Ball, location: 2F 0-1: Ball 1-1: Called Strike 1-2: Strikes out swinging
|
Bottom of the 5th over - 0 runs, 1 hit, 0 errors, 1 left on base; Northwest Arkansas 0 - Trenton 2 |
TOP OF THE 6TH |
Northwest Arkansas Naturals batting - Pitching for Trenton Thunder : LHP Nick Turner
|
Batting: SHB Ryoji Hiraoka
|
0-0: Called Strike 0-1: Swinging Strike 0-2: Strikes out swinging
|
Batting: RHB Kazuki Arai
|
0-0: Called Strike 0-1: Called Strike 0-2: Ball 1-2: Strikes out swinging
|
Batting: RHB Alex Cid
|
0-0: Ball 1-0: Called Strike 1-1: Ground out 4-3 (Groundball, 4MS, EV 71.2 MPH)
|
Top of the 6th over - 0 runs, 0 hits, 0 errors, 0 left on base; Northwest Arkansas 0 - Trenton 2 |
BOTTOM OF THE 6TH |
Trenton Thunder batting - Pitching for Northwest Arkansas Naturals : RHP Kevin Fleming
|
Batting: RHB Tim Osborn
|
0-0: Foul Ball, location: 2F 0-1: Ball 1-1: Fly out, F7 (Flyball, 7LS, EV 93.1 MPH)
|
Batting: SHB Jay Gagnon
|
0-0: Swinging Strike 0-1: Ball 1-1: Swinging Strike 1-2: Ball 2-2: Ball 3-2: Base on Balls
|
Batting: RHB Sam Hubbert
|
0-0: Called Strike 0-1: Called Strike 0-2: Fly out, F4 (Popup, 4M, EV 51.9 MPH)
|
Batting: SHB David Stewart
|
0-0: Ball 1-0: Ball Jay Gagnon steals 2nd base 2-0: Ground out 6-3 (Groundball, 6, EV 85.0 MPH)
|
Bottom of the 6th over - 0 runs, 0 hits, 0 errors, 1 left on base; Northwest Arkansas 0 - Trenton 2 |
TOP OF THE 7TH |
Northwest Arkansas Naturals batting - Pitching for Trenton Thunder : LHP Nick Turner
|
Batting: RHB Kevin Wimberly
|
0-0: Ball 1-0: Foul Ball, location: 2F 1-1: Foul Ball, location: 2F 1-2: Ball 2-2: DOUBLE (Line Drive, 7LM, EV 101.2 MPH)
|
Batting: RHB Andy Urquhart
|
0-0: Swinging Strike 0-1: 2-RUN HOME RUN (Flyball, 78XD, EV 111.2 MPH), Distance : 443 ft
|
Batting: RHB William Lung
|
0-0: Ball 1-0: Swinging Strike 1-1: Foul Ball, location: 2F 1-2: Ball 2-2: Ball 3-2: Base on Balls
|
Pitching: RHP Angel Gutierres
|
|
Batting: RHB Edwin Ramos
|
0-0: Swinging Strike 0-1: Sac Bunt to 25 - play at first, batter OUT! 5-3 William Lung to second
|
Pinch Hitting: LHB Bobby Gonzalez
|
0-0: Called Strike 0-1: Ball 1-1: Foul Ball, location: 2F 1-2: Foul Ball, location: 2F 1-2: Strikes out swinging
|
Batting: SHB Danny Ballenger
|
0-0: Foul Ball, location: 2F 0-1: Ball 1-1: Swinging Strike 1-2: Strikes out swinging
|
Top of the 7th over - 2 runs, 2 hits, 0 errors, 1 left on base; Northwest Arkansas 2 - Trenton 2 |
BOTTOM OF THE 7TH |
Trenton Thunder batting - Pitching for Northwest Arkansas Naturals : RHP Kevin Fleming
|
Pitching: RHP Justin Potts
|
|
Now in CF: Bobby Gonzalez
|
|
Batting: SHB Houston Phillips
|
0-0: Foul Ball, location: 2F 0-1: Ball 1-1: Ball 2-1: Foul Ball, location: 2F 2-2: Ball 3-2: Foul Ball, location: 2F 3-2: Foul Ball, location: 2F 3-2: Base on Balls
|
Batting: RHB Christian Shearer
|
0-0: Ball Houston Phillips is caught stealing 2nd base 2-4 1-0: SINGLE (Groundball, 56D, EV 96.9 MPH)
|
Batting: RHB Phil Reeves
|
0-0: Ball 1-0: Called Strike 1-1: Ball 2-1: Foul Ball, location: 2F 2-2: Strikes out swinging
|
Batting: RHB Nazeeh Zubair
|
0-0: Called Strike 0-1: Ball 1-1: Foul Ball, location: 2F 1-2: Ball 2-2: 2-RUN HOME RUN (Flyball, 7D, EV 105.6 MPH), Distance : 405 ft
|
Pitching: RHP Junsuke Abe
|
|
Batting: RHB Bryan Westray
|
0-0: Ball 1-0: Ball 2-0: Ball 3-0: Called Strike 3-1: Base on Balls
|
Batting: RHB Tim Osborn
|
0-0: Foul Ball, location: 2F 0-1: SINGLE (Groundball, 34D, EV 101.2 MPH) Bryan Westray to second Runner from 2nd tries for 3rd, SAFE, throw by RF made to third
|
Batting: SHB Jay Gagnon
|
0-0: Called Strike 0-1: Ball 1-1: Fly out, F6 (Popup, 6, EV 55.6 MPH)
|
Bottom of the 7th over - 2 runs, 3 hits, 0 errors, 2 left on base; Northwest Arkansas 2 - Trenton 4 |
TOP OF THE 8TH |
Northwest Arkansas Naturals batting - Pitching for Trenton Thunder : RHP Angel Gutierres
|
Pitching: RHP Jimmy Wilder
|
|
Batting: SHB Ryoji Hiraoka
|
0-0: Ball 1-0: Swinging Strike 1-1: Foul Ball, location: 2F 1-2: Ball 2-2: Ball 3-2: Base on Balls
|
Batting: RHB Kazuki Arai
|
0-0: Called Strike 0-1: Foul Ball, location: 2F 0-2: Strikes out swinging
|
Batting: RHB Alex Cid
|
0-0: Ball 1-0: Called Strike 1-1: Ball 2-1: Ball 3-1: Foul Ball, location: 2F 3-2: SINGLE (Groundball, 34, EV 102.5 MPH) Ryoji Hiraoka to second Runner from 2nd tries for 3rd, SAFE, throw by RF made to third
|
Batting: RHB Kevin Wimberly
|
Pickoff Throw to First - Out! 1-3 0-0: Ball 1-0: Called Strike 1-1: Ball 2-1: Fly out, F8 (Flyball, 8RM, EV 90.6 MPH)
|
Top of the 8th over - 0 runs, 1 hit, 0 errors, 1 left on base; Northwest Arkansas 2 - Trenton 4 |
BOTTOM OF THE 8TH |
Trenton Thunder batting - Pitching for Northwest Arkansas Naturals : RHP Junsuke Abe
|
Batting: RHB Sam Hubbert
|
0-0: Ball 1-0: Ball 2-0: Called Strike 2-1: SINGLE (Groundball, 56D, EV 98.8 MPH)
|
Batting: SHB David Stewart
|
0-0: Ball 1-0: Ball 2-0: Ball 3-0: Foul Ball, location: 2F 3-1: Foul Ball, location: 2F 3-2: Base on Balls Sam Hubbert to second
|
Pitching: RHP Justin Nipper
|
|
Batting: SHB Houston Phillips
|
0-0: Bunted foul 0-1: Ball 1-1: Ball 2-1: Bunt - Flyout to 25 - DP at third! 5-6
|
Batting: RHB Christian Shearer
|
0-0: Called Strike Pickoff Throw to First - Error! E1 David Stewart to second 0-1: Ground out 6-3 (Groundball, 6, EV 91.9 MPH)
|
Bottom of the 8th over - 0 runs, 1 hit, 1 error, 1 left on base; Northwest Arkansas 2 - Trenton 4 |
TOP OF THE 9TH |
Northwest Arkansas Naturals batting - Pitching for Trenton Thunder : RHP Jimmy Wilder
|
Pitching: RHP Antonio Castillo
|
|
Now at 3B: Ben Kidder
|
|
Batting: RHB Andy Urquhart
|
0-0: Ball 1-0: Ball 2-0: Called Strike 2-1: Ball 3-1: Base on Balls
|
Batting: RHB William Lung
|
0-0: Ball 1-0: Swinging Strike 1-1: Ball 2-1: Grounds into double play, 6-4-3 (Groundball, 6, EV 83.1 MPH)
|
Batting: RHB Edwin Ramos
|
0-0: Ball 1-0: Foul Ball, location: 2F 1-1: Ground out 6-3 (Groundball, 6D, EV 83.1 MPH)
|
Top of the 9th over - 0 runs, 0 hits, 0 errors, 0 left on base; Northwest Arkansas 2 - Trenton 4 |
|